 Dungeon Crawl Stone Soup version 0.28-a0-893-g5e322aebe8 (webtiles) character file.

Game seed: 17326665757734512829

79 AvatarAndi78 the Shield-Bearer (level 4, -5/37 (40) HPs)
             Began as a Minotaur Fighter on Nov 22, 2021.
             Slain by Crazy Yiuf (6 damage)
             ... on level 3 of the Dungeon.
             The game lasted 00:03:34 (2909 turns).

AvatarAndi78 the Shield-Bearer (Minotaur Fighter)   Turns: 2909, Time: 00:03:35

HP:   -5/37 (40)    AC:  9    Str: 21    XL:     4   Next: 17%
MP:   3/3           EV:  4    Int:  5    God:
Gold: 78            SH: 12    Dex: 10    Spells: 3/3 levels left

rFire   . . .      SeeInvis .   a - +0 war axe
rCold   . . .      Faith    .   f - +0 tower shield
rNeg    . . .      Spirit   .   p - +0 chain mail
rPois   .          Reflect  .   (helmet restricted)
rElec   .          Harm     .   (no cloak)
rCorr   .          Rampage  .   (no gloves)
Will    .....                   (no boots)
Stlth   ..........              (no amulet)
HPRegen 0.12/turn               (no ring)
MPRegen 0.08/turn               (no ring)

@: lethally poisoned (-5 -> -7), drained
A: horns 2, retaliatory headbutt
a: no special abilities


You were on level 3 of the Dungeon.
You visited 1 branch of the dungeon, and saw 3 of its levels.

You collected 78 gold pieces.

Inventory:

Hand Weapons
 a - a +0 war axe (weapon)
Armour
 f - a +0 tower shield (worn)
 p - a +0 chain mail (worn)
Wands
 b - a wand of mindburst (9)
Scrolls
 c - a scroll of silence {unknown}
 e - 2 scrolls of teleportation {unknown}
 g - 3 scrolls of brand weapon {unknown}
 i - a scroll of noise {unknown}
 j - a scroll of holy word {unknown}
 k - a scroll of vulnerability {unknown}
 l - a scroll of summoning {unknown}
 n - a scroll of magic mapping {unknown}
 q - a scroll of fear {unknown}
Potions
 d - a potion of might
 h - 3 potions of attraction {unknown}
 m - a potion of heal wounds {unknown}
 o - a potion of berserk rage {unknown}


   Skills:
 + Level 4.2 Fighting
 + Level 3.2 Axes
 + Level 4.1 Armour
 + Level 1.3 Dodging
 + Level 4.4 Shields


You had 3 spell levels left.
You didn't know any spells.
Your spell library contained the following spells:

 Spells                   Type           Power      Damage    Failure   Level
 Magic Dart               Conj           0%         1d3       100%        1
 Searing Ray              Conj           0%         2d4       100%        2
 Frozen Ramparts          Ice            0%         1d2       100%        3
 Fulminant Prism          Conj/Hex       0%         3d6       100%        4
 Ice Form                 Ice/Tmut       0%         N/A       100%        4
 Summon Ice Beast         Ice/Summ       0%         N/A       100%        4


Dungeon Overview and Level Annotations

Branches:
Dungeon (3/15)

Altars:
Kikubaaqudgha
Sif Muna

Annotations:
D:3 Crazy Yiuf


Innate Abilities, Weirdness & Mutations

You have a pair of horns on your head.
You reflexively headbutt those who attack you in melee.


Message History

You feel drained.
Crazy Yiuf laughs, "Ghoul!"
Crazy Yiuf hits you with a +3 quarterstaff of chaos.
You are poisoned.
You slash Crazy Yiuf! You headbutt Crazy Yiuf.
Crazy Yiuf is heavily wounded.
You feel very sick. You block Crazy Yiuf's attack.
Crazy Yiuf barely misses you.
You closely miss Crazy Yiuf.
You headbutt Crazy Yiuf, but do no damage.
Crazy Yiuf is heavily wounded.
You feel very sick.
Crazy Yiuf says, "Announcement chair hog!"
You block Crazy Yiuf's attack. Crazy Yiuf hits you but does no damage.
You feel drained.
You closely miss Crazy Yiuf.
Crazy Yiuf is heavily wounded.
You feel very sick. Crazy Yiuf hits you but does no damage.
You are more poisoned.
Crazy Yiuf grits, "Gum sing-song agre!"
You block Crazy Yiuf's attack.
You barely miss Crazy Yiuf.
Crazy Yiuf is heavily wounded.
You feel very sick.
Crazy Yiuf hits you with a +3 quarterstaff of chaos!
* * * LOW HITPOINT WARNING * * *
Crazy Yiuf freezes you.
* * * LOW HITPOINT WARNING * * *
You hit Crazy Yiuf but do no damage.
Crazy Yiuf is heavily wounded.
* * * LOW HITPOINT WARNING * * *
You feel very sick. You block Crazy Yiuf's attack. x2
You barely miss Crazy Yiuf.
Crazy Yiuf is heavily wounded.
* * * LOW HITPOINT WARNING * * *
You feel sick.
Crazy Yiuf hits you with a +3 quarterstaff of chaos.
You die...

#......## # #.......#############
# ########...........>......## #
...<.†..################...######
####.#### #........# ..^..#
##.....<.. ###..##### ###
#..####.. #......#### ###..)#
#..# ### # #.##.....P####@g...#
#..###### # #.###....P.#..##...#
#.......# # #.###..#P.#.### ###
#.#####.# ###.....#######
#.#####.# .....##.# #........
.....##.### #######.# ........#.#
##.## .##..####.# ##.## .....#
#.# #.##


You could see Crazy Yiuf.

Vanquished Creatures
  3 adders (D:2)
  2 worms (D:2)
  2 dart slugs
  2 ball pythons
  3 bat zombies (D:3)
  2 endoplasms (D:3)
  3 giant cockroaches
  A goblin (D:2)
  4 hobgoblins
  4 jackals (D:2)
  5 kobolds
  2 quokkas (D:3)
  3 bats
  2 frilled lizards
  3 rats
41 creatures vanquished.

Vanquished Creatures (others)
  2 fungi (D:3)
2 creatures vanquished.

Grand Total: 43 creatures vanquished

Notes
Turn   | Place    | Note
-------+----------+-------------------------------------------
     0 | D:1      | AvatarAndi78 the Minotaur Fighter began the quest for the
                  | Orb.
     0 | D:1      | Reached XP level 1. HP: 19/19 MP: 0/0
   249 | D:1      | Reached XP level 2. HP: 23/27 MP: 1/1
   894 | D:1      | Found a faded altar of an unknown god.
  1224 | D:2      | Reached XP level 3. HP: 31/33 MP: 2/2
  1248 | D:2      | Reached skill level 1 in Dodging
  2332 | D:3      | Reached XP level 4. HP: 40/40 MP: 3/3
  2455 | D:3      | Found an ancient bone altar of Kikubaaqudgha.
  2738 | D:3      | Found a shimmering blue altar of Sif Muna.
  2896 | D:3      | Found a runed translucent door.
  2897 | D:3      | Noticed Crazy Yiuf
  2909 | D:3      | HP: 1/37 [poisoned by Crazy Yiuf]
  2909 | D:3      | Slain by Crazy Yiuf

Illustrated notes

Levels and vault maps discovered:
D:1:      shiori_shiawase, layout_loops_ring,
          shapermc_ecumenical_altar_mp_vishouse
D:2:      layout_basic, grunt_decor_one_mirror
D:3:      layout_loops_ring, lemuel_zombie_altar_kikubaaqudgha,
          lemuel_blue_sif_altar, minivault_25, uniq_crazy_yiuf_cottage

Skill      XL: |  1  2  3 |
---------------+----------+-----
Fighting       | 4 |  4.2
Shields        | 4 |  4.4
Armour         | 4 |  4.1
Dodging        | 1 |  1.3
Axes           | 3 |  3.2

Action                   |  1- 3 |  4- 6 || total
-------------------------+-------+-------++-------
Melee: War axe           |   113 |    40 ||   153
       Headbutt          |    13 |     5 ||    18
Armor: Scale mail        |    64 |       ||    64
       Chain mail        |     1 |    20 ||    21
Dodge: Dodged            |    31 |     5 ||    36
Block: Tower shield      |    74 |    39 ||   113
       Buckler           |     1 |       ||     1

Table legend: (Time is in decaauts)
 A = Elapsed time spent in this place.
 B = Non-inter-level travel time spent in this place.
 C = Inter-level travel time spent in this place.
 D = Time resting spent in this place.
 E = Time spent auto-exploring this place.
 F = Levels seen in this place.
 G = Mean time per level.
                   A        B        C        D        E       F      G
               +--------+--------+--------+--------+--------+-----+--------+
         Total |   3023 |   2982 |     41 |      0 |   2520 |   3 | 1007.7 |
       Dungeon |   3023 |   2982 |     41 |      0 |   2520 |   3 | 1007.7 |
               +--------+--------+--------+--------+--------+-----+--------+

Top non-repeatable levels by time:
     D:2: 1250 daAuts
     D:1: 932 daAuts
     D:3: 840 daAuts
